 Dungeon Crawl Stone Soup version 0.30.1-11-g7821555f0a (webtiles) character file.

Game seed: 14327696785793314198

137 lonewolfV2 the Covered (level 5, -1/41 HPs)
             Began as a Demonspawn Fighter on Oct 30, 2023.
             Slain by Ijyb
             ... wielding a +2 dagger of venom
              (8 damage)
             ... on level 3 of the Dungeon.
             The game lasted 00:03:37 (2065 turns).

lonewolfV2 the Covered (Demonspawn Fighter)         Turns: 2065, Time: 00:03:37

Health: -1/41      AC:  0    Str: 18    XL:     5   Next: 0%
Magic:  5/5        EV: 15    Int:  9    God:
Gold:   153        SH:  0    Dex: 13    Spells: 4/4 levels left

rFire   . . .        a - melded +0 war axe (heavy)
rCold   . . .        c - melded +0 buckler
rNeg    . . .        b - melded +0 scale mail
rPois   .            (helmet currently unavailable)
rElec   .            (cloak currently unavailable)
rCorr   .            (gloves currently unavailable)
SInv    .            (boots currently unavailable)
Will    .....        e - amulet of magic regeneration
Stlth   +            g - melded ring of magical power
HPRegen 0.26/turn    (ring currently unavailable)
MPRegen 0.49/turn

%: no passive effects
@: lethally poisoned (-1 -> -19), pig-form, on berserk cooldown, attractive,
slowed
A: fast, no casting, small, (thin metallic scales 2), foul stench 1
a: no special abilities


You were on level 3 of the Dungeon.
You were a filthy swine.
You visited 1 branch of the dungeon, and saw 3 of its levels.

You collected 153 gold pieces.

Inventory:

Hand Weapons
 a - a +0 heavy war axe (melded)
Armour
 b - a +0 scale mail (melded)
 c - a +0 buckler (melded)
Jewellery
 e - an amulet of magic regeneration (around neck)
 g - a ring of magical power (melded)
 h - a ring of magical power
 q - a ring of positive energy
Wands
 r - a wand of quicksilver (6)
Scrolls
 o - 2 scrolls of identify {unknown}
Potions
 d - 2 potions of might
 f - a potion of heal wounds {unknown}
 i - a potion of degeneration {unknown}
 j - a potion of attraction
 k - a potion of lignification {unknown}
 l - a potion of ambrosia
 n - a potion of brilliance {unknown}
 p - a potion of curing {unknown}


   Skills:
 - Level 3.0 Fighting
 - Level 1.7 Axes
 + Level 3.4 Armour
 * Level 2.9 Dodging
 + Level 3.4 Shields


You had 4 spell levels left.
You didn't know any spells.
Your spell library contained the following spells:

 Spells                   Type           Power      Damage    Failure   Level
 Inner Flame              Hex/Fire       0%         N/A       77%         3
 Yara's Violent Unravell  Hex/Tmut       0%         3d3       100%        5
 Enfeeble                 Hex            0%         N/A       100%        7


Dungeon Overview and Level Annotations

Branches:
Dungeon (3/15)

Altars:

Annotations:
D:3 Ijyb


Innate Abilities, Weirdness & Mutations

You are a filthy swine.
You move quickly.
Your equipment is almost entirely melded.
You are incapable of wielding weapons or throwing items.
You cannot cast spells.
((You are mostly covered in thin metallic scales. (AC +3)))
You may rarely emit foul miasma when damaged in melee.


Message History

You kill the orc priest!
The orc closely misses you.
You slice the orc!!
You kill the orc!
You slice the orc!!
You kill the orc!
You are no longer berserk.
You are exhausted.
You feel yourself slow down.
You have reached level 5!
Your demonic ancestry asserts itself...
Thin metallic scales spread over more of your body.
You hit Ijyb.
Ijyb is moderately wounded.
Ijyb hits you with a +2 dagger of venom.
Ijyb barely misses you. Ijyb closely misses you.
Ijyb hits you but does no damage.
You are poisoned.
You barely miss Ijyb.
Ijyb is moderately wounded.
You feel very sick.
Ijyb hits you with a +2 dagger of venom.
You are more poisoned.
Ijyb barely misses you.
Ijyb zaps a wand.
You turn into a filthy swine.
Your +0 heavy war axe melds into your body.
Your +0 buckler melds into your body.
Your +0 scale mail melds into your body.
Your ring of magical power melds into your body.
You feel your magic capacity decrease.
You completely miss Ijyb.
Ijyb is moderately wounded.
You feel very sick.
Ijyb hits you with a +2 dagger of venom.
You are lethally poisoned!
You barely miss Ijyb.
Ijyb is moderately wounded.
* * * LOW HITPOINT WARNING * * *
You feel extremely sick.
Ijyb hits you with a +2 dagger of venom!
You die...

#.....# ##.##..#
#######..#8..#
#........##..#
#.#########..#####
#.# ##......# #.#
#8......# #.#
##......# #h#
#....... #g#
##....... #.#
#⌠###8### #.. ###
##### #... .....
..... #.### #...$.
.#.. ....... ....
o....... ..#..


You could see Ijyb.

Vanquished Creatures
  An orc priest (D:3)
  Terence (D:2)
  2 adders
  A worm (D:3)
  A dart slug (D:1)
  5 orcs (D:3)
  A ball python (D:1)
  2 endoplasms (D:1)
  A giant cockroach (D:2)
  5 goblins (D:1)
  5 hobgoblins
  4 jackals (D:2)
  10 kobolds
  2 quokkas (D:2)
  3 bats (D:1)
  2 frilled lizards (D:1)
  6 rats
52 creatures vanquished.

Notes
Turn   | Place    | Note
-------+----------+-------------------------------------------
     0 | D:1      | lonewolfV2 the Demonspawn Fighter began the quest for the
                  | Orb.
     0 | D:1      | Reached XP level 1. HP: 18/18 MP: 1/1
   183 | D:1      | You fall into a shaft and drop 1 floor!
   251 | D:1      | Reached skill level 1 in Dodging
   251 | D:1      | Gained mutation: You may rarely emit foul miasma when
                  | damaged in melee. [demonic ancestry]
   251 | D:1      | Reached XP level 2. HP: 23/24 MP: 2/2
   761 | D:1      | Reached XP level 3. HP: 28/29 MP: 3/3
  1348 | D:2      | Noticed Terence
  1351 | D:2      | Killed Terence
  1352 | D:2      | Gained mutation: You are partially covered in thin metallic
                  | scales. (AC +2) [demonic ancestry]
  1352 | D:2      | Reached XP level 4. HP: 32/35 MP: 4/4
  2047 | D:3      | HP: 1/35 [orc priest/divine providence (11)]
  2047 | D:3      | Noticed Ijyb
  2062 | D:3      | Gained mutation: You are mostly covered in thin metallic
                  | scales. (AC +3) [demonic ancestry]
  2062 | D:3      | Reached XP level 5. HP: 32/41 MP: 5/5
  2065 | D:3      | Slain by Ijyb

Illustrated notes

Levels and vault maps discovered:
D:1:      dpeg_arrival_rhombus, layout_basic, serial_park_tiny_pond
D:2:      layout_basic, uniq_terence
D:3:      layout_basic, serial_corexii_hall, chequers_hall_statues_corner_a,
          corexii_hall_statues_s, corexii_hall_statues_x, grunt_ministairs_11,
          minmay_misc_feat_five, uniq_sigmund, uniq_ijyb

Skill      XL: |  1  2  3 |
---------------+----------+-----
Dodging        | 1 2 |  2.9
Armour         | 3 |  3.4
Shields        | 3 |  3.4
Fighting       | |  3.0
Axes           | |  1.7

Action                     |  1- 3 |  4- 6 || total
---------------------------+-------+-------++-------
  Melee: War axe           |    85 |    35 ||   120
         Unarmed           |       |     2 ||     2
    Use: Scroll            |     2 |     1 ||     3
         Potion            |       |     3 ||     3
 Armour: Scale mail        |    48 |    26 ||    74
  Dodge: Dodged            |    69 |    25 ||    94
  Block: Buckler           |    27 |     9 ||    36
